[Event "*** Titled Tuesday Blitz"]
[Site "Chess.com"]
[Date "2021.03.02"]
[Round "3"]
[White "Zkid"]
[Black "Skatchkov_V"]
[Result "1-0"]
[WhiteElo "2817"]
[BlackElo "2611"]
[TimeControl "180+1"]
[EndTime "10:28:24 PST"]
[Termination "Zkid won on time"]

1. d4 Nf6 2. c4 e6 3. Nf3 b6 4. Nc3 Bb7 5. Bg5 Bb4 6. e3 h6 7.
Bh4 g5 8. Bg3 Ne4 9. Rc1 d6 10.
Nd2 Bxc3 11. bxc3 f5 12. Qh5+ Ke7 13. Nxe4 Bxe4 14. f3 Bb7 15. h4 Nd7 16. hxg5 hxg5 17.
Qxg5+ Kf7 18. Qxd8 Raxd8 19. Rxh8 Rxh8 20. Kf2 Rh1 21. Rb1 Ba6 22. Rb4 Bc8 23. Ra4 a5 24. c5 Ke7 25. Bf4 e5 26. Bg5+ Ke6 27. cxb6 cxb6 28.
e4 fxe4 29. fxe4 d5 30. exd5+ Kxd5 31. g4 Rh2+ 32. Bg2+ Ke6 33. Kg3 Rh8 34. Rc4 Ba6 35. Rc6+ Kf7 36. Bd5+ Ke8 37. dxe5 Rf8 38. Re6+ 1-0

[Event "*** Titled Tuesday Blitz"]
[Site "Chess.com"]
[Date "2021.03.02"]
[Round "3"]
[White "esrosenberg"]
[Black "blitis"]
[Result "0-1"]
[WhiteElo "2191"]
[BlackElo "2492"]
[TimeControl "180+1"]
[EndTime "10:28:24 PST"]
[Termination "blitis won by checkmate"]

1. Nf3 g6 2. e4 c5 3. c3 d5 4. e5 Nc6 5. d4 Bg4 6. Bb5 Nh6 7.
Qa4 Bd7 8. e6 fxe6 9. Ng5 Nf7 10. Nxf7 Kxf7 11. O-O cxd4 12. Bxc6 bxc6 13. Qxd4 Bg7 14.
Qf4+ Bf6 15. Re1 Rf8 16. Nd2 Kg8 17. Qg3 e5 18. Nf3 e4 19. Ne5 Rc8 20. Bh6 Bg7 21. Bxg7 Kxg7 22. f3 Bf5 23. fxe4 Bxe4 24. Rad1 Qb6+ 25.
Kh1 Qxb2 26. h4 Rf2 27. Rg1 Rcf8 28. Ng4 R2f5 29. Ne3 Rf4 30. Ng4 h5 31. Ne5 R8f6 32.
Nf3 Rxf3 33. gxf3 Rxf3 34. Qg2 Rh3# 0-1

[Event "*** Titled Tuesday Blitz"]
[Site "Chess.com"]
[Date "2021.03.02"]
[Round "3"]
[White "The_filthy"]
[Black "zim0ne"]
[Result "1-0"]
[WhiteElo "2341"]
[BlackElo "2522"]
[TimeControl "180+1"]
[EndTime "10:28:25 PST"]
[Termination "The_filthy won by resignation"]

1. e4 e5 2. Nf3 Nc6 3. Bb5 a6 4. Ba4 d6 5. c3 Bd7 6. h3 g6 7.
O-O Bg7 8. d3 Nge7 9. Be3 O-O 10. Qd2 f5 11. Bh6 f4 12. Bxg7 Kxg7 13. d4 Qe8 14. d5 Nb8 15. Bxd7 Nxd7 16. c4 h6 17. Nc3 g5 18. Nh2 h5 19. b4 a5 20.
a3 Qg6 21. Qd3 g4 22. Kh1 Nf6 23. h4 g3 24. Nf3 axb4 25. axb4 Rxa1 26. Rxa1 gxf2 27.
Ng5 Rc8 28. Nd1 Nh7 29. Ne6+ Kh8 30. Nxf2 Qf6 31. Qh3 Ng6 32. Nxf4 Rf8 33. Nxg6+ Qxg6 34. Nd3 Qxe4 35. c5 Qxd5 36. cxd6 cxd6 37. Rc1 e4 38. Ne1 Qd2 39. Qc3+ Qxc3 40. Rxc3 d5 41. Kh2 Nf6 42. Nc2 Ng4+ 43. Kg3 Ne5 44. Rc7 Rg8+ 45. Kf4 Nd3+ 46. Ke3 Rg3+ 47. Kd4 Rxg2 48. Ne3 Rh2 49. Nxd5 Rxh4 50. Nf6 1-0

[Event "*** Titled Tuesday Blitz"]
[Site "Chess.com"]
[Date "2021.03.02"]
[Round "3"]
[White "sakkikuska"]
[Black "Ze-Pequeno"]
[Result "1-0"]
[WhiteElo "2500"]
[BlackElo "2225"]
[TimeControl "180+1"]
[EndTime "10:28:26 PST"]
[Termination "sakkikuska won on time"]

1. e4 c5 2. Nf3 d6 3. d4 cxd4 4.
Nxd4 Nf6 5. f3 e5 6. Nb3 a5 7.
Be3 a4 8. N3d2 d5 9. exd5 Nxd5 10. Bf2 Nc6 11. Bb5 Be7 12. O-O O-O 13. Ne4 Bf5 14.
a3 Bxe4 15. fxe4 Nf6 16. Nc3 Nd4 17. Bxa4 Nxe4 18. Nxe4 Rxa4 19. Nc3 Ra8 20. Bxd4 exd4 21. Ne2 Bc5 22. Qd3 Qe7 23. Rfe1 Rad8 24. Ng3 Qd7 25. Ne4 Ba7 26. Kh1 h6 27. Rad1 Rfe8 28. Qg3 Qc6 29. Qd3 Bb6 30. Ng3 Re3 31. Qf5 Rde8 32. Rf1 Qe6 33. Qxe6 R8xe6 34. Nf5 R3e4 35. g3 h5 36. Rd3 Rc6 37. Rf2 1-0

[Event "*** Titled Tuesday Blitz"]
[Site "Chess.com"]
[Date "2021.03.02"]
[Round "3"]
[White "TimKett"]
[Black "Das_Virus_2020"]
[Result "1-0"]
[WhiteElo "2197"]
[BlackElo "2470"]
[TimeControl "180+1"]
[EndTime "10:28:27 PST"]
[Termination "TimKett won by resignation"]

1. e4 e6 2. d4 d5 3. Nc3 Nf6 4. Bg5 Be7 5. e5 Nfd7 6. h4 c5 7. Bxe7 Kxe7 8. Nf3 cxd4 9. Qxd4 Qb6 10.
Qd2 Nc6 11. Qg5+ Kf8 12. O-O-O h6 13. Qg3 Nc5 14. h5 Bd7 15. Rh4 Rc8 16. Bb5 a6 17. Bxc6 Qxc6 18. Rf4 Kg8 19. Nd4 Qc7 20. Rg4 Rh7 21.
f4 Ne4 22. Nxe4 dxe4 23. Rd2 Kh8 24. Qe3 Qa5 25. Kb1 Qc5 26. c3 b5 27. Qxe4 b4 28. Rg3 a5 29. Rgd3 Qc7 30. Nf3 Bb5 31. Rd4 Bc6 32. Qd3 Bd5 33. c4 Bxf3 34. Rd8+ 1-0

[Event "*** Titled Tuesday Blitz"]
[Site "Chess.com"]
[Date "2021.03.02"]
[Round "3"]
[White "HajiyevKanan"]
[Black "Alexandercs432"]
[Result "1-0"]
[WhiteElo "2430"]
[BlackElo "2214"]
[TimeControl "180+1"]
[EndTime "10:28:27 PST"]
[Termination "HajiyevKanan won by resignation"]

1. d4 Nf6 2. c4 e6 3. Nf3 b6 4.
Bf4 Bb7 5. a3 Be7 6. Nc3 O-O 7.
e3 Ne4 8. Nxe4 Bxe4 9. Be2 d6 10.
O-O Nd7 11. b4 c5 12. dxc5 dxc5 13. Bd6 Bxd6 14. Qxd6 Nf6 15. Rfd1 Qxd6 16. Rxd6 Rfd8 17. Rad1 Rxd6 18. Rxd6 cxb4 19. axb4 a5 20. Rxb6 a4 21. Nd2 a3 22. Nb3 a2 23. Na1 h6 24. f3 Bb1 25.
Kf1 Nd7 26. Rb7 Ne5 27. Ke1 Ra3 28. Rb8+ Kh7 29. Kd2 Nd7 30. Rb7 Nf6 31. e4 Kg6 32. c5 Ra8 33. c6 Rc8 34. b5 Ne8 35. Ra7 Nd6 36. Nb3 f6 37. Nd4 e5 38. Nb3 Ne8 39.
Nc1 Nd6 40. Nxa2 Bxa2 41. Rxa2 Rb8 42. c7 Rc8 43. b6 Nb7 44. Ba6 Rxc7 45. bxc7 1-0

[Event "*** Titled Tuesday Blitz"]
[Site "Chess.com"]
[Date "2021.03.02"]
[Round "3"]
[White "shnitez"]
[Black "Aleksey_Sorokin"]
[Result "0-1"]
[WhiteElo "2525"]
[BlackElo "2774"]
[TimeControl "180+1"]
[EndTime "10:28:28 PST"]
[Termination "Aleksey_Sorokin won by checkmate"]

1. e4 c6 2. Nc3 d5 3. Nf3 dxe4 4. Nxe4 Nf6 5. Qe2 Nxe4 6. Qxe4 Qd5 7. Qh4 Qe6+ 8. Be2 Qg4 9. Qg3 h6 10. d4 Qxg3 11.
hxg3 Bf5 12. c3 Nd7 13. Bf4 e6 14. O-O-O Nf6 15. Ne5 Ne4 16. Be3 f6 17. g4 Bh7 18.
Nd3 Bd6 19. Rhe1 O-O-O 20. Bf3 Rhe8 21. Re2 Ng5 22. Bxg5 hxg5 23. Be4 Bxe4 24. Rxe4 Kd7 25. Rde1 Re7 26. Kd2 Rh8 27. g3 Rh2 28. R4e2 Re8 29.
Ke3 g6 30. Kd2 f5 31. gxf5 gxf5 32. c4 g4 33. Kc3 Re7 34. a3 Rh6 35. b4 Rf7 36.
Ne5+ Bxe5 37. dxe5 Kc7 38. Rd1 Rd7 39. Rxd7+ Kxd7 40. Kd4 Rh1 41. Ke3 Ke7 42. b5 c5 43.
Ra2 Re1+ 44. Re2 Ra1 45. Rd2 Rxa3+ 46. Ke2 Ra4 47. Rc2 Kd7 48. Rd2+ Ke8 49. Rd6 Ke7 50. b6 a6 51. Kd3 Rb4 52. Kc3 a5 53. Rd1 Rxb6 54.
Rh1 a4 55. Rh7+ Kd8 56. Rh8+ Kc7 57. Rh7+ Kb8 58. Rh8+ Ka7 59. Rh1 Ka6 60. Rf1 Ka5 61.
f3 Rb3+ 62. Kc2 Rxf3 63. Rb1 Rb3 64. Ra1 Kb4 65. Rd1 Kxc4 66. Rd6 a3 67. Rxe6 a2 68. Kd2 a1=Q 69. Ke2 Qc3 70. Rd6 Rb2+ 71. Kf1 Qf3+ 72. Ke1 Qe2# 0-1

[Event "*** Titled Tuesday Blitz"]
[Site "Chess.com"]
[Date "2021.03.02"]
[Round "3"]
[White "grunbergmihai"]
[Black "KerryStead"]
[Result "1-0"]
[WhiteElo "2477"]
[BlackElo "2014"]
[TimeControl "180+1"]
[EndTime "10:28:28 PST"]
[Termination "grunbergmihai won on time"]

1. e4 d6 2. d4 c6 3. Nc3 Nf6 4. f4 e5 5. Nf3 Qc7 6. Bc4 Be7 7. dxe5 dxe5 8. Nxe5 O-O 9. O-O Nbd7 10. Nxd7 Bxd7 11.
e5 Ne8 12. Be3 Bf5 13. Qe2 a5 14. a4 Rd8 15. g4 Be6 16. Bxe6 fxe6 17. Ne4 Qb8 18.
Qc4 Nc7 19. Bb6 Nd5 20. Bxd8 Qxd8 21. Rad1 Qb6+ 22. Qd4 Qxd4+ 23. Rxd4 Nxf4 24. Rd7 Ng6 25. Rxf8+ Bxf8 26. Rxb7 Nxe5 27. h3 h6 28. Kg2 Nc4 29. c3 Kh7 30. b3 Ne3+ 31. Kf3 Nd5 32. c4 Nb4 33. Ra7 Kg6 34. Rxa5 Nc2 35. Ra8 Bb4 36. Rd8 Kf7 37. c5 e5 38. Rd7+ Kf8 39. Rd6 Nd4+ 40.
Ke3 Nxb3 41. Rxc6 Kf7 42. Rb6 Bxc5+ 43. Nxc5 Nxc5 44. a5 g5 45. a6 Nxa6 46. Rxa6 Kg7 47. Ke4 Kf7 48. Kxe5 Kg7 49. Kf5 Kf7 50. Rxh6 Kg7 51.
Kxg5 Kf7 52. h4 Kg7 53. h5 Kf7 54. Ra6 Ke7 55. h6 Kf7 56. Ra7+ 1-0

[Event "*** Titled Tuesday Blitz"]
[Site "Chess.com"]
[Date "2021.03.02"]
[Round "3"]
[White "organdzievhren"]
[Black "anon102030"]
[Result "0-1"]
[WhiteElo "2431"]
[BlackElo "2705"]
[TimeControl "180+1"]
[EndTime "10:28:29 PST"]
[Termination "anon102030 won by resignation"]

1. e4 e5 2. Nf3 Nc6 3. Bb5 Nge7 4.
O-O d6 5. h3 Bd7 6. c4 g6 7. d4 exd4 8. Nxd4 Bg7 9. Be3 O-O 10. Nc3 f5 11. exf5 Nxf5 12. Nxf5 Bxf5 13. Qd5+ Rf7 14. Bxc6 bxc6 15. Qxc6 Rb8 16. Rad1 Rxb2 17. Bd4 Rc2 18. Nd5 Rxa2 19. Bxg7 Kxg7 20. Ra1 Rxa1 21. Rxa1 Qh4 22. Nxc7 Qxf2+ 23. Kxf2 Be4+ 24. Kg3 Bxc6 25. Rxa7 Kf6 26. h4 h6 27. Nb5 Rxa7 28. Nxa7 Bb7 29. Nb5 Ke5 30. Kf2 Bc6 31. Ke3 Bxg2 32. Nd4 Be4 33. Ne2 g5 34. hxg5 hxg5 35. Ng3 Bg6 36. Ne2 Bf7 37. Kd3 g4 38. Ng3 Kf4 39.
Ne2+ Kf3 40. Nd4+ Kf2 41. Nf5 Bg6 0-1

[Event "*** Titled Tuesday Blitz"]
[Site "Chess.com"]
[Date "2021.03.02"]
[Round "3"]
[White "skoularikii"]
[Black "Zemerovv"]
[Result "1-0"]
[WhiteElo "2518"]
[BlackElo "2270"]
[TimeControl "180+1"]
[EndTime "10:28:29 PST"]
[Termination "skoularikii won by resignation"]

1. e4 g6 2. d4 Bg7 3. Nf3 d6 4. h3 a6 5. a4 b6 6. Nc3 Bb7 7. d5 c6 8. Bc4 c5 9. O-O Nf6 10. e5 dxe5 11. Nxe5 O-O 12. Re1 Nfd7 13. Ng4 Nf6 14. Bg5 Nxg4 15. Bxe7 Qc8 16. Qxg4 Qxg4 17.
hxg4 Re8 18. d6 Bxc3 19. bxc3 Nd7 20. Rab1 Bc6 21. Re3 Kg7 22. g5 Bxa4 23. Rf3 Rf8 24. Bxf8+ Rxf8 25. Re1 b5 26. Bd5 Nb6 27. Bc6 b4 28.
Bxa4 Nxa4 29. cxb4 cxb4 30. Ra1 Nc5 31. Ra5 Rc8 32. Rf4 Ne6 33. Rxb4 Rxc2 34. Rd5 Rc8 35. Rb7 Rd8 36. g3 Nf8 37. f4 Ne6 38. Ra7 Kg8 39. Rxa6 Rd7 40. Kf2 Kg7 41. Ke3 h6 42. Ke4 hxg5 43.
fxg5 Nf8 44. Re5 Ne6 45. Kd5 Nc7+ 46. Kc6 Rxd6+ 47. Kxd6 Nxa6 48. Rb5 f6 49. Rb7+ Kf8 50. gxf6 g5 51. Rb6 1-0

[Event "*** Titled Tuesday Blitz"]
[Site "Chess.com"]
[Date "2021.03.02"]
[Round "3"]
[White "Lyschko"]
[Black "kleopl"]
[Result "0-1"]
[WhiteElo "2186"]
[BlackElo "2488"]
[TimeControl "180+1"]
[EndTime "10:28:29 PST"]
[Termination "kleopl won on time"]

1. c4 f5 2. g3 Nf6 3. Bg2 e5 4. d4 e4 5. f3 c6 6. d5 Bb4+ 7.
Bd2 Qa5 8. Nc3 O-O 9. fxe4 fxe4 10. Nxe4 Nxe4 11. Bxe4 Qc5 12. Nf3 d6 13. Bxb4 Qxb4+ 14. Qd2 Qxc4 15. Qd3 Qxd3 16. exd3 c5 17. O-O Bh3 18.
Rfe1 Nd7 19. Bxh7+ Kxh7 20. Ng5+ Kg8 21. Nxh3 Ne5 22.
Re3 Rae8 23. Nf4 Re7 24. Kg2 Rf6 25. Rae1 Ref7 26. R1e2 g5 27. Ne6 Rf5 28. h3 Ng6 29. Nd8 Rd7 30. Ne6 Rxd5 31. Rf3 b6 32. Rf6 Ne5 33.
Ref2 Nxd3 0-1

[Event "*** Titled Tuesday Blitz"]
[Site "Chess.com"]
[Date "2021.03.02"]
[Round "3"]
[White "zajka-molotok"]
[Black "Trovita84"]
[Result "1/2-1/2"]
[WhiteElo "2470"]
[BlackElo "2047"]
[TimeControl "180+1"]
[EndTime "10:28:29 PST"]
[Termination "Game drawn by repetition"]

1. b4 e5 2. Bb2 d6 3. e3 Bf5 4. Nf3 Nd7 5. d4 exd4 6. Nxd4 Bg6 7. c4 Ngf6 8. Be2 Be7 9. O-O O-O 10. Nc3 a6 11.
Bf3 Rb8 12. a4 c5 13. bxc5 dxc5 14. Nb3 Nb6 15. Na5 Qc7 16. Qe2 Rfd8 17. Rfd1 Nbd7 18. Nb3 Ne5 19. Nd5 Nxf3+ 20. Qxf3 Nxd5 21. Rxd5 f6 22. a5 Bf7 23. Rxd8+ Rxd8 24. Rc1 Rd3 25. Rc3 Rxc3 26. Bxc3 Bxc4 27. Nd2 Bf7 28. h4 Qd7 29. Ne4 Bd5 30.
Qf4 Qe6 31. Qb8+ Kf7 32. Ng3 Bd6 33. Qa8 Bxg3 34. fxg3 Qxe3+ 35. Kh2 Qxc3 36. Qd8 Qe5 37. Qd7+ Kg6 38. Qg4+ Kf7 39. Qd7+ Kf8 40. Qd8+ Kf7 41. Qd7+ 1/2-1/2

[Event "*** Titled Tuesday Blitz"]
[Site "Chess.com"]
[Date "2021.03.02"]
[Round "3"]
[White "NoGuru"]
[Black "atwalcb"]
[Result "0-1"]
[WhiteElo "2296"]
[BlackElo "2528"]
[TimeControl "180+1"]
[EndTime "10:28:30 PST"]
[Termination "atwalcb won on time"]

1. Nf3 d6 2. d4 Bg4 3. c4 Bxf3 4.
exf3 c6 5. Bd3 g6 6. O-O Bg7 7. Re1 e6 8. d5 cxd5 9. cxd5 e5 10. f4 Nd7 11. fxe5 dxe5 12. Nc3 Ne7 13. d6 Nc6 14.
Nd5 O-O 15. Bb5 Nd4 16. Bc4 Nb6 17. Nxb6 Qxb6 18. Be3 Qxd6 19. Bxd4 exd4 20. Qf3 Rab8 21. Rad1 b5 22. Bb3 a5 23. Qd5 Qxd5 24. Bxd5 Rfd8 25. Be4 Re8 26. Bd3 Kf8 27. Rxe8+ Kxe8 28. Rc1 Bf8 29. Rc7 Bd6 30. Ra7 a4 31. Be4 Kf8 32. Ra8 Rxa8 33. Bxa8 d3 34. Bf3 Be5 35. b3 axb3 36. axb3 Ke7 37.
Kf1 Kd6 38. Be4 d2 39. Ke2 Bc3 40. Bd3 Kc5 41. h3 Kb4 42. Bc2 Ka3 43. g4 Kb2 44. Kd1 Ba5 45. Bd3 Kxb3 46. Bxb5 Kc3 47. Be8 f6 48. f4 Kd3 49. f5 g5 0-1

[Event "*** Titled Tuesday Blitz"]
[Site "Chess.com"]
[Date "2021.03.02"]
[Round "3"]
[White "alexrustemov"]
[Black "Hikaru"]
[Result "0-1"]
[WhiteElo "2724"]
[BlackElo "3241"]
[TimeControl "180+1"]
[EndTime "10:28:31 PST"]
[Termination "Hikaru won on time"]

1. d4 g6 2. c4 Bg7 3. Nc3 c5 4.
d5 Bxc3+ 5. bxc3 Qa5 6. e4 Qxc3+ 7. Bd2 Qg7 8. Rc1 d6 9. Bc3 f6 10. f4 Nh6 11. Nf3 Nf7 12. Bd3 g5 13. e5 gxf4 14.
exf6 exf6 15. O-O Bg4 16. Qd2 Ne5 17. Nh4 Qg5 18. Rxf4 Qxh4 19. h3 h5 20. Bxe5 dxe5 21. Bg6+ Kd8 22. Re4 Nd7 23. d6 Rg8 24. Qd5 Rg7 25. Bf5 Qg5 26. hxg4 Qxc1+ 27. Kf2 hxg4 28. Qe6 g3+ 29. Ke2 Qc2+ 30. Ke1 Qf2+ 31. Kd1 Qg1+ 32. Kd2 Qxg2+ 33. Re2 Qh1 34. Be4 Qh6+ 35. Kc2 Qh4 36. Bg2 Qg4 37. Qd5 Qxe2+ 0-1

[Event "*** Titled Tuesday Blitz"]
[Site "Chess.com"]
[Date "2021.03.02"]
[Round "3"]
[White "annamaja"]
[Black "Trankuilizer"]
[Result "0-1"]
[WhiteElo "2374"]
[BlackElo "2569"]
[TimeControl "180+1"]
[EndTime "10:28:32 PST"]
[Termination "Trankuilizer won on time"]

1. e4 e5 2. Nf3 Nc6 3. Bc4 Bc5 4. d3 Nf6 5. O-O O-O 6. c3 d5 7. exd5 Nxd5 8. Bg5 Be7 9. Bxe7 Ndxe7 10. Re1 Ng6 11.
Nbd2 Bf5 12. Ne4 Qd7 13. Ng3 Rad8 14. Re3 a6 15. a4 Be6 16. Bxe6 Qxe6 17. Ng5 Qd5 18.
Nf5 Nce7 19. Qh5 h6 20. Nxh6+ gxh6 21. Qxh6 Rfe8 22. Qh7+ Kf8 23. Rf3 f5 24. Qh6+ Kg8 25. Rh3 Rd6 26. Rg3 f4 27. Rg4 Nf5 28. Qh7+ Kf8 29. Ne4 Qf7 30. Qh5 Ree6 31. Rg5 Ng7 32. Qg4 Rxd3 33. Nc5 Rc6 34. Nxd3 e4 0-1

[Event "*** Titled Tuesday Blitz"]
[Site "Chess.com"]
[Date "2021.03.02"]
[Round "3"]
[White "LionTheLeon_06"]
[Black "Duhless"]
[Result "0-1"]
[WhiteElo "2711"]
[BlackElo "3080"]
[TimeControl "180+1"]
[EndTime "10:28:33 PST"]
[Termination "Duhless won by resignation"]

1. c4 Nf6 2. Nc3 e5 3. g3 d5 4. cxd5 Nxd5 5. Bg2 Nxc3 6. bxc3 Nc6 7. d3 Bc5 8. Nf3 O-O 9. O-O Rb8 10. a4 b6 11. Bb2 Qe7 12. Qc2 Bb7 13. d4 Bd6 14. Rfe1 Rfe8 15. Nd2 Na5 16. Bxb7 Rxb7 17. e4 Rbb8 18. Qd3 Rbd8 19. d5 Nb7 20. Nb3 a5 21. c4 Nc5 22. Nxc5 Bxc5 23. Ba3 h5 24. h4 g6 25. Kg2 Bxa3 26. Qxa3 Qf6 27.
c5 c6 28. d6 bxc5 29. Qxc5 Rxd6 30. Qxa5 Red8 31. Re2 Rd3 32. Kg1 g5 33. hxg5 Qxg5 34.
Kg2 h4 35. Rh1 hxg3 36. f3 Qf4 37. Rf1 Rd2 38. Re1 R8d3 39. Rxd2 Rxd2+ 0-1

[Event "*** Titled Tuesday Blitz"]
[Site "Chess.com"]
[Date "2021.03.02"]
[Round "3"]
[White "SGchess01"]
[Black "CheckThis4"]
[Result "1-0"]
[WhiteElo "2849"]
[BlackElo "2616"]
[TimeControl "180+1"]
[EndTime "10:28:33 PST"]
[Termination "SGchess01 won by checkmate"]

1. e4 c5 2. Nf3 d6 3. d4 cxd4 4. Nxd4 Nf6 5. Nc3 g6 6. Bc4 Bg7 7. O-O O-O 8. h3 Nc6 9. Re1 Nxd4 10. Qxd4 b6 11. Bb3 Bb7 12. Qd1 Rc8 13. Bg5 Rxc3 14. bxc3 Nxe4 15. Bh4 Bxc3 16. Re3 Bxa1 17. Qxa1 d5 18.
f3 Nf6 19. Qe5 d4 20. Rd3 Nd7 21. Qxd4 Bc6 22. Qc4 Qc7 23. Rc3 Nc5 24. Bf2 Qd6 25. Bxc5 bxc5 26. Qxc5 Qxc5+ 27. Rxc5 Rc8 28. Ra5 Rc7 29.
Kf2 Kf8 30. h4 h5 31. Ke3 e6 32. Kf4 Ke7 33. c4 Kd6 34. c5+ Ke7 35. Ke5 f6+ 36. Kd4 e5+ 37. Ke3 g5 38. g3 gxh4 39. gxh4 f5 40. f4 exf4+ 41. Kxf4 Be4 42. Ke5 Kd7 43. Ba4+ Ke7 44. Bd1 Kd7 45. Bxh5 Kc6 46. Be8+ Kb7 47. Kd6 Rg7 48. c6+ Kb6 49. Ra3 Rg8 50. Rb3+ Ka5 51. Bd7 Bxc6 52. Bxc6 f4 53. Kc5 Rg3 54. Rxg3 fxg3 55. Bg2 a6 56. h5 Ka4 57. h6 Ka3 58. h7 Kxa2 59. h8=Q a5 60. Bd5+ Ka3 61. Qa1# 1-0

[Event "*** Titled Tuesday Blitz"]
[Site "Chess.com"]
[Date "2021.03.02"]
[Round "3"]
[White "Berardino"]
[Black "Galiev_Azat"]
[Result "1-0"]
[WhiteElo "2569"]
[BlackElo "2373"]
[TimeControl "180+1"]
[EndTime "10:28:33 PST"]
[Termination "Berardino won by resignation"]

1. e4 c5 2. Nf3 Nc6 3. d4 cxd4 4.
Nxd4 Nf6 5. Nc3 e5 6. Ndb5 d6 7. Bg5 a6 8. Na3 b5 9. Bxf6 gxf6 10. Nd5 f5 11. c3 Bg7 12. exf5 Bxf5 13. Nc2 O-O 14.
Nce3 Be6 15. Bd3 f5 16. O-O e4 17. Bc2 Ne5 18. Bb3 Kh8 19. Nf4 Bxb3 20. axb3 Qh4 21.
g3 Qh6 22. Kg2 Nf3 23. h3 Be5 24. Ned5 Rg8 25. Qc1 Nh4+ 26. Kh1 Nf3 27. Qe3 Rg4 28. Kg2 Rag8 29. Ne2 Nh4+ 30. Kh1 Nf3 31. Qxh6 R8g6 32. Qf8+ Rg8 33. Qxf5 R4g6 34. Qxe4 Rh6 35. Qxf3 Rxh3+ 36.
Kg2 Rh6 37. Rh1 Rhg6 38. Qh5 1-0

[Event "*** Titled Tuesday Blitz"]
[Site "Chess.com"]
[Date "2021.03.02"]
[Round "3"]
[White "MateusViageiro"]
[Black "Meri-Arabidze"]
[Result "0-1"]
[WhiteElo "2330"]
[BlackElo "2634"]
[TimeControl "180+1"]
[EndTime "10:28:33 PST"]
[Termination "Meri-Arabidze won on time"]

1. e4 c6 2. d4 d5 3. Nc3 dxe4 4. Nxe4 Bf5 5. Ng3 Bg6 6. Nf3 Nd7 7. h4 h6 8. h5 Bh7 9. Bd3 Bxd3 10. Qxd3 Ngf6 11. Bd2 e6 12. O-O-O Be7 13. Kb1 O-O 14. Ne4 Nxe4 15. Qxe4 Nf6 16. Qe2 Qd5 17. c4 Qe4+ 18. Qxe4 Nxe4 19.
Be3 b5 20. cxb5 cxb5 21. d5 exd5 22. Rxd5 Bf6 23. Rxb5 Rfb8 24. Rxb8+ Rxb8 25. Nd4 a5 26. Rc1 Rb4 27. f3 Ng3 28. Rd1 Ne2 29. Nb3 a4 30.
Rd2 Ng3 31. Nc1 Nf1 32. Re2 Nxe3 33. Nd3 Rh4 34. Rxe3 Rxh5 35. Kc2 Rg5 36. Re8+ Kh7 37. Re2 h5 38. b4 axb3+ 39. axb3 h4 40. b4 Rd5 41.
Re4 g5 42. Rc4 Kg6 43. Rc5 Rd8 44. b5 Bd4 45. Rc6+ f6 46. b6 Rb8 47. Nb4 Rxb6 0-1

[Event "*** Titled Tuesday Blitz"]
[Site "Chess.com"]
[Date "2021.03.02"]
[Round "3"]
[White "Kotofeyca"]
[Black "cukin84"]
[Result "1-0"]
[WhiteElo "2390"]
[BlackElo "2139"]
[TimeControl "180+1"]
[EndTime "10:28:33 PST"]
[Termination "Kotofeyca won by resignation"]

1. d4 f5 2. Nc3 Nf6 3. Bg5 g6 4.
Bxf6 exf6 5. e3 d5 6. Bd3 c6 7. Qf3 Bd6 8. h4 h5 9. Nge2 Be6 10.
Nf4 Bxf4 11. Qxf4 Nd7 12. O-O-O Qe7 13. Kb1 O-O-O 14. Na4 Nb6 15. Nc5 Qd6 16. Qxd6 Rxd6 17. b3 Re8 18. Rc1 Bf7 19. g3 Kc7 20. c4 dxc4 21. bxc4 Nd7 22. Nxd7 Rxd7 23. Rc3 b6 24. Kc2 a6 25. a4 Rb8 26. Rb1 Kd8 27. a5 b5 28. cxb5 cxb5 29. Kb2 Rc7 30. Rbc1 Rbc8 31.
Be2 Bd5 32. Rc5 Rxc5 33. Rxc5 Rxc5 34. dxc5 Kd7 35. Kc3 Kc6 36. Kd4 Be4 37. Bd1 Bg2 38.
Bb3 Bf3 39. Bf7 g5 40. Be8+ Kc7 41. Bg6 f4 42. Bf5 fxg3 43. fxg3 gxh4 44. gxh4 b4 45. Kc4 Kc6 46. Kxb4 Kd5 47. Bd3 Bg2 48. Bxa6 Ke4 49. Bb7+ Kxe3 50. Bxg2 f5 51. c6 f4 52. c7 f3 53.
Bxf3 Kxf3 54. c8=Q 1-0

[Event "*** Titled Tuesday Blitz"]
[Site "Chess.com"]
[Date "2021.03.02"]
[Round "3"]
[White "Jan1401"]
[Black "kubal123"]
[Result "0-1"]
[WhiteElo "2387"]
[BlackElo "2215"]
[TimeControl "180+1"]
[EndTime "10:28:33 PST"]
[Termination "kubal123 won by resignation"]

1. e4 c5 2. Nf3 e6 3. b3 b6 4.
Bb2 Bb7 5. Nc3 Nc6 6. d4 cxd4 7. Nxd4 Bc5 8. Nxc6 Bxc6 9. Bd3 Nf6 10. O-O h5 11. Qe2 Qc7 12. Na4 Ng4 13. g3 Bxa4 14. bxa4 Ne5 15. Ba6 h4 16. Kg2 hxg3 17. hxg3 Ke7 18.
f4 Ng6 19. f5 Ne5 20. Rh1 f6 21. Bb5 Qb7 22. Bxe5 fxe5 23. Qg4 Rhg8 24. Rad1 Bd4 25.
c3 exf5 26. Qxf5 Raf8 27. Qg5+ Rf6 28. Rdf1 Qxe4+ 29. Kh3 Rh8+ 30. Qh4 Rxh4+ 31. gxh4 Qe3+ 32. Kg2 Rf2+ 33. Rxf2 Qxf2+ 34. Kh3 Qf3+ 35. Kh2 Be3 36. Rg1 Bf4+ 0-1

[Event "*** Titled Tuesday Blitz"]
[Site "Chess.com"]
[Date "2021.03.02"]
[Round "3"]
[White "kekic76"]
[Black "Malev212"]
[Result "0-1"]
[WhiteElo "2373"]
[BlackElo "2566"]
[TimeControl "180+1"]
[EndTime "10:28:35 PST"]
[Termination "Malev212 won by resignation"]

1. e4 e6 2. d4 d5 3. exd5 exd5 4. Bd3 Nf6 5. Ne2 c5 6. c3 Nc6 7. O-O Be7 8. h3 O-O 9. Be3 c4 10. Bc2 b5 11. a3 a5 12. Nd2 Ra6 13. Nf3 b4 14. axb4 axb4 15. Rxa6 Bxa6 16. Ne5 Bb7 17. f4 bxc3 18. bxc3 Qc7 19. Qd2 Ra8 20. Rb1 g6 21. Nxc6 Bxc6 22. f5 Ra2 23. Bf4 Qd7 24. Rb8+ Ne8 25.
fxg6 hxg6 26. Qc1 Bd6 27. Bxd6 Qxd6 28. Rb4 Kg7 29. Qb1 Ra8 30. Qf1 Nf6 31. Qf2 Ra2 32. Ng3 Rxc2 33. Nf5+ gxf5 34. Qxc2 Ne4 35. Rb1 Bd7 36.
Rf1 Be6 37. Rf3 Qa3 38. Kh2 Qa1 39. h4 Qe1 40. Rh3 f4 41. h5 Bxh3 42. gxh3 Qg3+ 43. Kh1 Nf2+ 0-1

[Event "*** Titled Tuesday Blitz"]
[Site "Chess.com"]
[Date "2021.03.02"]
[Round "3"]
[White "Balla_Tamas"]
[Black "Gerryisplaying"]
[Result "1-0"]
[WhiteElo "2506"]
[BlackElo "2243"]
[TimeControl "180+1"]
[EndTime "10:28:35 PST"]
[Termination "Balla_Tamas won by resignation"]

1. e4 d5 2. exd5 Qxd5 3. Nc3 Qa5 4. d4 Nf6 5. Nf3 Bf5 6. Bc4 e6 7. Bd2 Bb4 8. a3 Bxc3 9. Bxc3 Qb6 10. b4 O-O 11.
O-O Nc6 12. Qe2 Ne4 13. Bb2 Nd6 14. Bb3 a5 15. c3 Ne7 16. Ne5 Rfd8 17. Rfe1 Ng6 18.
Nxg6 Bxg6 19. Qe5 Qb5 20. c4 Qxe5 21. Rxe5 axb4 22. axb4 Rxa1+ 23. Bxa1 Ra8 24. Ra5 Rxa5 25. bxa5 Bd3 26. c5 Ne4 27. f3 Nd2 28. Bd1 Ba6 29. Kf2 Kf8 30. g4 Ke7 31. d5 exd5 32. Bxg7 Nc4 33. Bc3 Kd7 34. Bc2 h6 35. Bg7 Nxa5 36. Bxh6 Ke6 37. Bf4 c6 38. h4 Nc4 39. h5 Ne5 40. Bxe5 Kxe5 41. g5 d4 42. h6 d3 43. Bd1 1-0

[Event "*** Titled Tuesday Blitz"]
[Site "Chess.com"]
[Date "2021.03.02"]
[Round "3"]
[White "Bodnar_Mykola"]
[Black "marvinguevara"]
[Result "1-0"]
[WhiteElo "2482"]
[BlackElo "2124"]
[TimeControl "180+1"]
[EndTime "10:28:35 PST"]
[Termination "Bodnar_Mykola won by checkmate"]

1. d4 f5 2. Bg5 h6 3. Bh4 g5 4.
Bg3 d6 5. e3 Bg7 6. Bc4 Nf6 7.
Nc3 c6 8. h4 g4 9. Nge2 Nh5 10.
Qd2 b5 11. Bb3 a5 12. a4 b4 13. Na2 Ba6 14. Nac1 Nd7 15. Nd3 Ndf6 16. Ndf4 Ne4 17. Qd1 Nhxg3 18. Nxg3 Bc8 19. Nxe4 fxe4 20. Be6 h5 21. c3 Rh6 22. Qb3 Rb8 23. Bxc8 Qxc8 24. Qg8+ Bf8 25. cxb4 Rxb4 26. O-O Qf5 27. Rac1 Kd7 28. d5 cxd5 29. Nxd5 Rb7 30. Nf4 e6 31. Nxe6 Rxe6 32. Rfd1 Ke7 33. Rc8 Rf6 34. Rd2 Rd7 35. Qc4 Re6 36. Rc2 Rf6 37. Rb8 Re6 38. Qc8 Rf6 39.
Qe8# 1-0

[Event "*** Titled Tuesday Blitz"]
[Site "Chess.com"]
[Date "2021.03.02"]
[Round "3"]
[White "Michaelson_11"]
[Black "googlegoom"]
[Result "0-1"]
[WhiteElo "2273"]
[BlackElo "2471"]
[TimeControl "180+1"]
[EndTime "10:28:35 PST"]
[Termination "googlegoom won by resignation"]

1. e4 c5 2. Nf3 Nc6 3. d4 cxd4 4.
Nxd4 Qb6 5. Nb3 Nf6 6. Nc3 e6 7. Bd3 d6 8. Qe2 a6 9. Bd2 Qc7 10. O-O-O b5 11. f4 Bb7 12. a3 b4 13. axb4 Nxb4 14. g4 Be7 15. g5 Nd7 16. Kb1 Nb6 17.
Rhf1 d5 18. exd5 N6xd5 19. Nxd5 Bxd5 20. Bxb4 Bxb4 21. Be4 Bc4 22. Qf3 Rb8 23. Bc6+ Kf8 24. f5 Kg8 25. f6 Bxf1 26. fxg7 Kxg7 27. Rxf1 Rhc8 28. Qf6+ Kg8 29. Be4 Bf8 30. Rf3 Bg7 31. Qf4 Qxf4 32. Rxf4 a5 33. Rh4 a4 34. Bxh7+ Kf8 35. Nd2 Rxb2+ 36. Kc1 a3 37. Kd1 a2 0-1